 Dungeon Crawl Stone Soup version 0.21.0-3-g78d12a8 (webtiles) character file.

152763 Mgcat the Executioner (level 17, 0/166 HPs)
             Began as a Minotaur Berserker on Jan 16, 2018.
             Was a High Priest of Trog.
             Slain by a nagaraja
             ... wielding a cursed -2 club
              (4 damage)
             ... on level 4 of the Snake Pit on Jan 17, 2018.
             The game lasted 01:46:19 (37476 turns).

Mgcat the Executioner (Minotaur Berserker)         Turns: 37476, Time: 01:46:20

Health: 0/166      AC: 34    Str: 22    XL:     17   Next: 3%
Magic:  5/5        EV:  9    Int:  4    God:    Trog [*****.]
Gold:   2361       SH:  0    Dex: 17    Spells: 16/16 levels left

rFire    . . .     SeeInvis +   G - +5 executioner's axe (antimagic)
rCold    . . .     Gourm    .   (shield currently unavailable)
rNeg     . . .     Faith    +   t - +2 plate armour {rPois}
rPois    +         Spirit   .   y - +2 hat
rElec    .         Reflect  .   K - +2 cloak
rCorr    .         Harm     .   i - +2 pair of gloves
MR       ++...                  J - +2 pair of boots
Stlth    ..........             E - amulet of faith
HPRegen  0.37/turn              S - ring of see invisible
MPRegen  0.09/turn              A - ring of protection from magic

@: lethally poisoned (0 -> -3), berserk cooldown, constricted
A: retaliatory headbutt, horns 2
a: Berserk, Trog's Hand, Brothers in Arms, Burn Spellbooks, Renounce Religion


You were on level 4 of the Snake Pit.
You worshipped Trog.
Trog was extremely pleased with you.
You were hungry.

You visited 4 branches of the dungeon, and saw 27 of its levels.
You also visited: Sewer.

You collected 3049 gold pieces.
You spent 688 gold pieces at shops.

Inventory:

Hand Weapons
 G - a +5 antimagic executioner's axe (weapon)
 H - the +1 battleaxe "Arcanum" {holy, Int+3}
   (Trog gifted it to you on level 14 of the Dungeon)

   It has been blessed by the Shining One to cause great damage to the undead
   and demons.
   It affects your intelligence (+3).
 L - a +2 trident of freezing
Armour
 i - a +2 pair of gloves (worn)
 t - a +2 plate armour of poison resistance (worn)
 y - a +2 hat (worn)
 J - a +2 pair of boots (worn)
 K - a +2 cloak (worn)
 Q - a +3 scale mail of magic resistance
Jewellery
 o - an uncursed ring of fire {unknown}
 p - an uncursed ring of ice
 A - a ring of protection from magic (right hand)
 B - an uncursed ring of protection from fire
 E - an amulet of faith (around neck)
 S - a ring of see invisible (left hand)
Wands
 d - a wand of paralysis (24)
 l - a wand of enslavement (11)
 q - a wand of flame (48)
 s - a wand of digging (28)
 D - a wand of acid (27)
 F - a wand of polymorph (10)
 O - a wand of iceblast (8)
Scrolls
 a - 9 scrolls of identify
 b - a scroll of fog
 g - 3 scrolls of blinking
 m - 11 scrolls of remove curse
 n - 9 scrolls of magic mapping
 v - 8 scrolls of teleportation
 w - 5 scrolls of fear
 M - a scroll of brand weapon
 W - 2 scrolls of enchant weapon
Potions
 e - 2 potions of agility
 f - a potion of haste
 h - 2 potions of magic
 j - 8 potions of curing
 k - 4 potions of might
 r - a potion of brilliance
 u - 4 potions of heal wounds
 x - 2 potions of flight
 z - a potion of cancellation
 C - 4 potions of resistance
 R - a potion of invisibility
Comestibles
 c - 35 rations


   Skills:
 + Level 18.9 Fighting
 + Level 21.5 Axes
 + Level 18.7 Armour
 + Level 7.4 Dodging


You had 16 spell levels left.
You didn't know any spells.

Dungeon Overview and Level Annotations

Branches:
Dungeon (15/15)            Temple (0/1) D:4            Lair (6/6) D:11
 Shoals (0/4) Lair:4        Snake (4/4) Lair:2        Slime (0/5) Lair:5
    Orc (2/2) D:9             Elf (0/3) Orc:2        Vaults (0/5) D:14
 Depths (0/5) D:15

Altars:
Ashenzari
Cheibriados
Dithmenos
Elyvilon
Gozag
Kikubaaqudgha
Nemelex Xobeh
Ru
Sif Muna
Uskayaw
Vehumet
Xom
Zin
The Shining One

Shops:
D:9 [(   D:11 !   Orc:1 [!   Orc:2 [*=(

Annotations:
D:14 exclusion: ice statue
Lair:1 exclusion: oklob plant


Innate Abilities, Weirdness & Mutations

You reflexively headbutt those who attack you in melee.
You have a pair of horns on your head.


Message History

The nagaraja constricts you.
Unknown command.
Unknown command.
You feel better.
The nagaraja hits you but does no damage.
The nagaraja constricts you. The nagaraja hits you with a club!
* * * LOW HITPOINT WARNING * * *
x2 The nagaraja constricts you.
Unknown command.
Unknown command.
You slash the nagaraja!
The nagaraja's magic leaks into the air.
You headbutt the nagaraja!
The nagaraja is heavily wounded.
The nagaraja points at you and mumbles some strange words.
The poison arrow hits you!
You are poisoned.
You partially resist.
* * * LOW HITPOINT WARNING * * *
You die...

*,.#...................##
,,,##...................##
#**,........#............##
.#,*,##.....###...........#
..#,,,##.....#.#.#.<......#
....,,,.##...##.#........##
....,**.......#...........#
....,*,,,,,,#...).........#
************####@##########
***#N))#*,*
*******,.......,******
***,,,,,...........,,,,****
***,,,,,...............,,,,,***
**,,,,,,,......#.#......,,,,,,,**
*,,,,,,,,...###...###....,,,,,,,*
,,,,,,,,,.##,,,......##..,,,,,,,,
,,,,,,,,**,,,,,,,,.....##*,,,,,,,


You could see a nagaraja.

Vanquished Creatures
  Jorgrun (Snake:2)
  4 nagarajas
  A frost giant (D:14)
  Aizul (Snake:3)
  An orc warlord (Orc:2)
  A very ugly thing (D:14)
  Nessos (Orc:2)
  A yaktaur captain (D:15)
  A vault guard (D:14)
  7 hydras
  6 centaur warriors
  10 anacondas
  9 naga warriors
  Harold (Orc:1)
  Fannar (Orc:1)
  A merfolk avatar (Lair:6)
  2 death knights
  A catoblepas (D:14)
  An ogre mage (D:15)
  14 two-headed ogres
  6 death yaks (Lair:4)
  A deep troll earth mage (D:9)
  Urug (D:14)
  A tengu warrior (D:14)
  7 shock serpents
  The ghost of Amaterasu the Martial Artist, a novice OpTm of Cheibriados (D:11)
  An orc high priest (Orc:1)
  Nergalle (Lair:3)
  10 naga sharpshooters
  A hell knight (D:14)
  A sea snake (Lair:6)
  3 unseen horrors
  A swamp dragon (shapeshifter) (D:14)
  2 naga ritualists
  A wizard (D:14)
  2 wolf spider zombies
  9 ugly things
  2 mana vipers (Snake:1)
  A wolf spider (D:9)
  6 orc knights
  2 orc sorcerers
  3 deep elf magi
  4 manticores
  2 merfolk sirens (Lair:4)
  4 cyclopes
  4 salamanders
  25 black mambas
  17 elephants
  7 guardian serpents
  10 naga magi
  Maurice (D:10)
  9 spiny frogs
  A gargoyle (D:15)
  30 komodo dragons
  A freezing wraith (D:15)
  A tengu conjurer (D:14)
  6 trolls
  3 polar bears (Lair:6)
  2 wind drakes (Lair:6)
  5 dream sheep (Lair:5)
  13 hippogriffs
  3 hornets
  A harpy skeleton (D:12)
  11 slime creatures
  8 blink frogs
  A centaur simulacrum (D:14)
  A spriggan (shapeshifter) (D:9)
  3 hogs (D:8)
  6 wyverns
  A wraith (D:13)
  6 basilisks
  A fire elemental (Lair:1)
  A human (D:8)
  20 yaks
  2 steam dragons
  2 hungry ghosts
  29 nagas
  4 vampire mosquitoes (D:15)
  2 wargs (Orc:2)
  Duvessa (D:6)
  13 water moccasins
  3 sky beasts
  8 porcupines
  Purgy (Sewer)
  30 orc warriors
  2 eyes of draining
  A hornet zombie (D:10)
  6 ice beasts
  3 black bears
  2 phantoms
  A necrophage (D:8)
  13 ogres
  9 wolves
  7 centaurs
  7 crocodiles
  A big kobold (D:13)
  11 bullfrogs
  Dowan (D:6)
  2 scorpions
  A wyvern skeleton (D:13)
  12 killer bees
  9 wights
  2 howler monkeys
  An electric eel (Lair:6)
  6 crimson imps
  4 centaur zombies
  2 bullfrog skeletons
  4 hounds
  7 orc priests
  3 iguanas
  19 jellies
  4 centaur skeletons
  19 orc wizards
  Jessica (D:2)
  5 hell rats
  10 worker ants
  A hound skeleton (D:8)
  A howler monkey zombie (D:5)
  3 worker ant zombies
  3 gnolls (D:7)
  A howler monkey skeleton (D:6)
  15 adders
  12 river rats
  2 shadow imps
  An ooze (D:1)
  An adder zombie (D:6)
  9 leopard geckos
  61 orcs
  6 ball pythons
  10 bats
  12 giant cockroaches
  6 goblins
  6 hobgoblins
  4 jackals
  4 quokkas
  4 frilled lizards
  A jackal zombie (D:6)
  18 kobolds
  14 rats
  4 fungi
  4 plants
809 creatures vanquished.

Vanquished Creatures (others)
  An adder (D:4)
  An orc (Orc:1)
  A ball python (D:4)
  A giant cockroach (D:4)
  14 fungi
  60 plants
78 creatures vanquished.

Grand Total: 887 creatures vanquished

Notes
Turn   | Place    | Note
-------+----------+-------------------------------------------
     0 | D:1      | Mgcat the Minotaur Berserker began the quest for the Orb.
     0 | D:1      | Reached XP level 1. HP: 19/19 MP: 0/0
   202 | D:1      | Reached XP level 2. HP: 25/27 MP: 1/1
   230 | D:1      | Reached skill level 4 in Axes
   314 | D:1      | Found a sparkling altar of Nemelex Xobeh.
   567 | D:1      | Reached ** piety under Trog
   668 | D:1      | Reached XP level 3. HP: 26/33 MP: 2/2
  1147 | D:2      | Noticed Jessica
  1157 | D:2      | Killed Jessica
  1157 | D:2      | Reached skill level 5 in Axes
  1157 | D:2      | Reached XP level 4. HP: 38/40 MP: 3/3
  1599 | D:3      | Reached skill level 6 in Axes
  1601 | D:3      | Found a glowing drain.
  1612 | Sewer    | Entered a sewer
  1661 | Sewer    | Noticed Purgy
  1671 | Sewer    | Killed Purgy
  1671 | Sewer    | Reached skill level 7 in Axes
  1671 | Sewer    | Reached XP level 5. HP: 46/46 MP: 4/4
  2064 | D:3      | Found a glowing silver altar of Zin.
  2208 | D:3      | Reached *** piety under Trog
  2374 | D:3      | Reached XP level 6. HP: 52/52 MP: 5/5
  2527 | D:3      | Found a hide-covered altar of Uskayaw.
  2614 | D:4      | Reached skill level 8 in Axes
  2715 | D:4      | Found a shimmering altar of Xom.
  2840 | D:4      | Reached skill level 9 in Axes
  2988 | D:4      | Reached XP level 7. HP: 40/58 MP: 6/6
  3337 | D:4      | Reached skill level 10 in Axes
  3588 | D:4      | Found a staircase to the Ecumenical Temple.
  3698 | D:5      | Entered Level 5 of the Dungeon
  4616 | D:5      | Reached **** piety under Trog
  4616 | D:5      | Reached skill level 11 in Axes
  4807 | D:5      | Found a sacrificial altar of Ru.
  5042 | D:6      | Reached XP level 8. HP: 65/66 MP: 7/7
  5166 | D:6      | Found a shadowy altar of Dithmenos.
  5292 | D:6      | Reached skill level 12 in Axes
  5306 | D:6      | HP: 3/66 [something (6)]
  5932 | D:6      | Reached skill level 13 in Axes
  6220 | D:6      | Noticed Duvessa
  6231 | D:6      | Killed Duvessa
  6232 | D:6      | Noticed Dowan
  6237 | D:6      | Killed Dowan
  6371 | D:7      | Reached XP level 9. HP: 18/71 MP: 8/8
  6861 | D:7      | Found a glowing golden altar of the Shining One.
  6981 | D:7      | Found a white marble altar of Elyvilon.
  7076 | D:7      | Found a snail-covered altar of Cheibriados.
  7140 | D:7      | Reached skill level 14 in Axes
  7732 | D:8      | Found an ancient bone altar of Kikubaaqudgha.
  7858 | D:8      | Found an opulent altar of Gozag.
  8196 | D:8      | Reached skill level 15 in Axes
  8398 | D:8      | Reached skill level 16 in Axes
  8909 | D:9      | Found a shattered altar of Ashenzari.
  8910 | D:9      | Found a radiant altar of Vehumet.
  8910 | D:9      | Noticed a two-headed ogre
  8921 | D:9      | Killed a two-headed ogre
  8921 | D:9      | Reached skill level 5 in Fighting
  8921 | D:9      | Reached XP level 10. HP: 81/81 MP: 9/9
  9041 | D:9      | Found a runed door.
  9181 | D:9      | Found Hachiuw's Armour Shop.
  9181 | D:9      | Found a staircase to the Orcish Mines.
  9184 | D:9      | Noticed a two-headed ogre
  9188 | D:9      | Reached skill level 5 in Armour
  9206 | D:9      | Killed a two-headed ogre
  9391 | D:9      | Found Ufoll's Weapon Shop.
  9404 | D:9      | Bought a +1 war axe of chopping for 146 gold pieces
  9466 | D:9      | Found a deep blue altar of Sif Muna.
  9755 | D:9      | Noticed a deep troll earth mage
  9761 | D:9      | Killed a deep troll earth mage
  9913 | D:9      | Killed an unseen horror
 10043 | D:9      | Noticed a centaur warrior
 10043 | D:9      | Noticed a wolf spider
 10050 | D:9      | Killed a wolf spider
 10054 | D:9      | Killed a centaur warrior
 10054 | D:9      | Reached XP level 11. HP: 70/97 MP: 10/10
 10288 | D:10     | Entered Level 10 of the Dungeon
 10342 | D:10     | Noticed Maurice
 10355 | D:10     | Killed Maurice
 10559 | D:10     | Noticed a death knight
 10575 | D:10     | Killed a death knight
 10799 | D:10     | Noticed a two-headed ogre
 10808 | D:10     | Killed a two-headed ogre
 11653 | D:11     | Noticed a two-headed ogre
 11665 | D:11     | Killed a two-headed ogre
 11665 | D:11     | Reached skill level 10 in Fighting
 12193 | D:11     | Noticed Amaterasu's ghost (novice OpTm)
 12198 | D:11     | Killed Amaterasu's ghost
 12198 | D:11     | Reached skill level 10 in Armour
 12571 | D:11     | Found Zamuab Loah's Distillery.
 12833 | D:11     | Noticed a two-headed ogre
 12843 | D:11     | Killed a two-headed ogre
 12999 | D:11     | Noticed a white ugly thing
 13010 | D:11     | Killed a white ugly thing
 13321 | D:11     | Found a staircase to the Lair.
 13326 | D:11     | Noticed a two-headed ogre
 13331 | D:11     | Killed a two-headed ogre
 13331 | D:11     | Reached skill level 17 in Axes
 13549 | D:9      | Bought a +4 scale mail of poison resistance for 392 gold pieces
 13619 | Lair:1   | Entered Level 1 of the Lair of Beasts
 13754 | Lair:1   | Reached XP level 12. HP: 95/110 MP: 11/11
 14768 | Lair:1   | Noticed a five-headed hydra
 14775 | Lair:1   | Killed a five-headed hydra
 15627 | Lair:2   | Found a staircase to the Snake Pit.
 16503 | Lair:3   | Noticed a seven-headed hydra
 16511 | Lair:3   | Killed a seven-headed hydra
 16860 | Lair:3   | Noticed Nergalle
 16869 | Lair:3   | Killed Nergalle
 17070 | Lair:3   | Reached skill level 18 in Axes
 17419 | Lair:4   | Reached XP level 13. HP: 71/122 MP: 12/12
 18041 | Lair:4   | Found a staircase to the Shoals.
 18755 | Lair:4   | You fall through a shaft for 2 floors!
 18755 | Lair:6   | Entered Level 6 of the Lair of Beasts
 19767 | Lair:5   | Found a staircase to the Slime Pits.
 19922 | Lair:5   | Reached skill level 19 in Axes
 20323 | Lair:5   | Reached ***** piety under Trog
 20777 | Lair:6   | Received a gift from Trog
 20777 | Lair:6   | Reached XP level 14. HP: 85/133 MP: 13/13
 21407 | Lair:6   | Reached skill level 15 in Fighting
 21419 | Lair:6   | Paralysed by a hornet for 3 turns
 21725 | Lair:6   | Reached skill level 15 in Armour
 23098 | Lair:2   | Got a fine chain mail
 23109 | Lair:2   | Identified the cursed +0 chain mail of Fixtudish {Str+7 Int-5} (You found it on level 2 of the Lair of Beasts)
 23109 | Lair:2   | Lost intelligence.
 23288 | Orc:1    | Entered Level 1 of the Orcish Mines
 23288 | Orc:1    | Found Cexastrae's Magic Scroll Boutique.
 23314 | Orc:1    | Noticed Fannar
 23329 | Orc:1    | Killed Fannar
 23339 | Orc:1    | Received a gift from Trog
 23489 | Orc:1    | Found Kifiguw's Distillery.
 23735 | Orc:2    | Entered Level 2 of the Orcish Mines
 23775 | Orc:2    | Found Uzaolisk's Jewellery Shoppe.
 24105 | Orc:2    | Found a staircase to the Elven Halls.
 24118 | Orc:2    | Found Poqoim's Antique Armour Boutique.
 24165 | Orc:2    | Bought a pair of glowing gloves for 150 gold pieces
 24203 | Orc:2    | Noticed Nessos
 24212 | Orc:2    | Killed Nessos
 24268 | Orc:2    | Found Ethepil's Antique Weapon Boutique.
 24485 | Orc:2    | Noticed an orc warlord
 24507 | Orc:2    | Killed an orc warlord
 24533 | Orc:2    | Reached skill level 20 in Axes
 24549 | Orc:2    | Found Ilurerakk's General Store.
 24954 | Orc:1    | Noticed Harold
 24968 | Orc:1    | Killed Harold
 25268 | Orc:1    | Found Cifesuk's Armour Shoppe.
 26007 | D:13     | Reached XP level 15. HP: 134/144 MP: 14/14
 26155 | D:13     | Reached ****** piety under Trog
 27473 | D:14     | Received a gift from Trog
 27474 | D:14     | Got a translucent battleaxe {god gift}
 27475 | D:14     | Identified the +1 battleaxe "Arcanum" {holy, Int+3} (Trog gifted it to you on level 14 of the Dungeon)
 27554 | D:14     | Noticed Urug
 27563 | D:14     | Killed Urug
 28108 | D:14     | Noticed a frost giant
 28121 | D:14     | Killed a frost giant
 28526 | D:14     | Found a gate to the Vaults.
 29460 | D:15     | Entered Level 15 of the Dungeon
 29632 | D:15     | Reached skill level 21 in Axes
 29634 | D:15     | Received a gift from Trog
 30442 | D:15     | Found a staircase to the Depths.
 30864 | Snake:1  | Entered Level 1 of the Snake Pit
 31473 | Snake:1  | Reached XP level 16. HP: 105/156 MP: 15/15
 32417 | Snake:1  | Received a gift from Trog
 34102 | Snake:2  | Noticed Jorgrun
 34112 | Snake:2  | Killed Jorgrun
 34175 | Snake:2  | Reached skill level 5 in Dodging
 35548 | Snake:3  | Noticed Aizul
 35562 | Snake:3  | Received a gift from Trog
 35574 | Snake:3  | Killed Aizul
 36824 | Snake:4  | Entered Level 4 of the Snake Pit
 37458 | Snake:4  | Reached XP level 17. HP: 146/166 MP: 5/16
 37476 | Snake:4  | HP: 4/166 [nagaraja/poison arrow (20)]
 37476 | Snake:4  | Slain by a nagaraja

Skill      XL: |  1  2  3  4  5  6  7  8  9 10 11 12 13 14 15 16 |
---------------+-------------------------------------------------+-----
Axes           | 4 5 7 9 11 13 16 17 18 19 20 21 | 21.5
Fighting       | 5 9 11 13 14 16 17 18 | 18.9
Armour         | 4 8 10 12 14 16 17 18 | 18.7
Dodging        | 7 |  7.4

Action                   |  1- 3 |  4- 6 |  7- 9 | 10-12 | 13-15 | 16-18 || total
-------------------------+-------+-------+-------+-------+-------+-------++-------
Melee: Hand axe          |    75 |   143 |    97 |       |       |       ||   315
       Headbutt          |     6 |    29 |    54 |   106 |   330 |   117 ||   642
       War axe           |       |       |   196 |    58 |       |       ||   254
       Battleaxe         |       |       |       |   377 |  1142 |   290 ||  1809
       Trident           |       |       |       |    10 |    52 |       ||    62
       Executioner's axe |       |       |       |       |       |   129 ||   129
Invok: Berserk           |       |     1 |     5 |    18 |    17 |    10 ||    51
       Trog's Hand       |       |       |     2 |    14 |    18 |    11 ||    45
       Burn Spellbooks   |       |       |       |       |     1 |     1 ||     2
  Use: Scroll            |       |     4 |     6 |    22 |    10 |     6 ||    48
       Potion            |       |       |       |     1 |     4 |     2 ||     7
 Stab: Sleeping          |     3 |       |       |       |       |       ||     3
  Eat: Chunk             |     1 |     7 |    18 |    31 |    49 |     5 ||   111
       Ration            |       |       |     1 |     6 |     6 |     8 ||    21
Armor: Animal skin       |    12 |       |       |       |       |       ||    12
       Ring mail         |     4 |     1 |       |       |       |       ||     5
       Scale mail        |       |    53 |    27 |   187 |   274 |       ||   541
       Chain mail        |       |       |    58 |       |       |       ||    58
       Plate armour      |       |       |       |       |   398 |   322 ||   720
Dodge: Dodged            |    53 |    83 |   102 |   229 |   420 |   196 ||  1083
